 Dungeon Crawl Stone Soup version 0.31-a0-496-g6f97920a28 (webtiles) character file.

Game seed: 11194454001092606314

91 randomguy2701 the Stinger (level 4, 0/27 HPs)
             Began as an Octopode Venom Mage on Aug 8, 2023.
             Succumbed to an adder's poison
             ... on level 3 of the Dungeon.
             The game lasted 00:02:49 (2612 turns).

randomguy2701 the Stinger (Octopode Venom Mage)     Turns: 2612, Time: 00:02:49

Health: 0/27       AC:  1    Str:  7    XL:     4   Next: 59%
Magic:  8/8        EV: 13    Int: 19    God:
Gold:   171        SH:  0    Dex: 12    Spells: 7/8 levels left

rFire   + . .        n - staff of fire
rCold   . . .        (no shield)
rNeg    . . .        (helmet restricted)
rPois   +            (no amulet)
rElec   .            d - ring of poison resistance
rCorr   .            (no ring)
SInv    .            (no ring)
Will    .....        (no ring)
Stlth   +++          (no ring)
HPRegen 0.24/turn    (no ring)
MPRegen 0.11/turn    (no ring)
                     (no ring)

%: no passive effects
@: lethally poisoned (0 -> -1)
A: almost no armour, amphibious, 8 rings, camouflage 1, gelatinous body 1,
(nimble swimmer 1), tentacles
a: no special abilities


You were on level 3 of the Dungeon.
You visited 1 branch of the dungeon, and saw 3 of its levels.

You collected 171 gold pieces.

Inventory:

Hand Weapons
 o - the +7 war axe "Vown" {antimagic, *Slow rPois Will++ SInv}
   (You took it off an orc on level 3 of the Dungeon)

   rPois:     It protects you from poison.
   SInv:      It lets you see invisible.
   *Slow:     It may slow you when you take damage.
   Will:      It greatly increases your willpower.
Magical Staves
 n - a staff of fire (weapon)
Jewellery
 d - a ring of poison resistance (left tentacle)
Scrolls
 b - 5 scrolls of identify {unknown}
 h - 3 scrolls of blinking {unknown}
 i - a scroll of vulnerability {unknown}
 l - a scroll of enchant weapon {unknown}
Potions
 a - a potion of magic
 c - 3 potions of attraction {unknown}
 e - a potion of lignification {unknown}
 f - 2 potions of curing {unknown}
 g - a potion of brilliance {unknown}
 j - a potion of enlightenment {unknown}
 k - 3 potions of degeneration {unknown}
 m - a potion of heal wounds {unknown}


   Skills:
 + Level 0.1 Fighting
 + Level 2.1 Dodging
 * Level 4.0 Stealth
 + Level 2.7 Spellcasting
 + Level 1.8 Transmutations
 + Level 4.5 Poison Magic


You had 7 spell levels left.
You knew the following spells:

 Your Spells              Type           Power      Damage    Failure   Level
a - Sting                 Tmut/Pois      56%        1d5       4%          1

Your spell library contained the following spells:

 Spells                   Type           Power      Damage    Failure   Level
 Poisonous Vapours        Pois/Air       22%        N/A       10%         2
 Sandblast                Erth           4%         2d4       16%         1
 Passwall                 Tmut/Erth      5%         N/A       16%         2
 Olgreb's Toxic Radiance  Pois           19%        N/A       24%         4
 Mephitic Cloud           Conj/Pois/Air  8%         N/A       26%         3
 Dazzling Flash           Conj/Hex       4%         N/A       43%         3
 Stone Arrow              Conj/Erth      4%         3d7       43%         3
 Volatile Blastmotes      Fire/Tloc      6%         2d10      43%         3
 Starburst                Conj/Fire      1%         6d3       100%        6
 Maxwell's Capacitive Co  Air            1%         ∞         100%        8


Dungeon Overview and Level Annotations

Branches:
Dungeon (3/15)

Altars:
Xom

Shops:
D:2 (


Innate Abilities, Weirdness & Mutations

You cannot wear most types of armour.
You are amphibious.
You can wear up to eight rings at the same time.
Your skin changes colour to match your surroundings (Stealth+).
Your rubbery body absorbs attacks. (AC +1, EV +1)
((You are camouflaged when in or above water. (Stealth+)))
You have tentacles for arms and can constrict up to eight enemies at once.


Message History

The adder is moderately wounded.
You hear the quick rusting of a distant drain.
The adder bites you. x2
You hit the adder but do no damage. Your grab misses the adder.
The adder is moderately wounded.
The adder bites you.
You hit the adder. Your grab misses the adder.
The adder is severely wounded.
The adder barely misses you. The rat barely misses you. The adder bites you.
You barely miss the adder. Your grab misses the adder.
The adder is severely wounded.
The rat closely misses you. The adder barely misses you.
The rat closely misses you.
You miss the adder. Your grab misses the adder.
The adder is severely wounded.
The adder misses you. The adder bites you. The rat closely misses you.
You hit the adder. You grab the adder. You squeeze the adder.
You kill the adder!
The rat bites you. The adder misses you.
Your Stealth skill increases to level 4!
You barely miss the adder. Your grab misses the adder. The adder bites you.
You are poisoned.
The adder poisons you! The rat bites you but does no damage.
You hit the adder. Your grab misses the adder.
The adder is lightly wounded.
You feel sick. The adder bites you. The rat misses you. The adder misses you.
You closely miss the adder. Your grab misses the adder.
Your squeeze misses the adder.
You feel sick. The rat bites you. The adder barely misses you.
The rat bites you.
* * * LOW HITPOINT WARNING * * *
You closely miss the adder. Your grab misses the adder.
You feel sick. The adder closely misses you. The adder misses you.
The rat closely misses you.
You barely miss the adder. You grab the adder. Your squeeze misses the adder.
You constrict the adder, but do no damage.
You feel sick. The adder bites you.
* * * LOW HITPOINT WARNING * * *
The rat closely misses you.
You barely miss the adder. Your squeeze misses the adder.
You constrict the adder.
You die...

#.#.###.#.#
#.##.#.##.#
#.###..##.# #.#
##r##.# #<#
#.##.# #.#
#.##.# . #.#
#.# .#
....####r##....
......S@......#
....####.##.###
. #.# # #.# #.#
#.# #.# .#


You could see an adder and a rat.

Vanquished Creatures
  4 adders (D:3)
  A worm (D:2)
  An orc (D:3)
  5 ball pythons
  A bat (D:3)
  3 endoplasms
  3 giant cockroaches
  8 goblins
  6 hobgoblins
  A jackal (D:2)
  4 quokkas
  4 frilled lizards
  2 kobolds
  2 rats
  A butterfly (D:3)
46 creatures vanquished.

Notes
Turn   | Place    | Note
-------+----------+-------------------------------------------
     0 | D:1      | randomguy2701 the Octopode Venom Mage began the quest for
                  | the Orb.
     0 | D:1      | Reached XP level 1. HP: 11/11 MP: 3/3
   260 | D:1      | Reached XP level 2. HP: 17/17 MP: 1/5
  1047 | D:2      | Reached XP level 3. HP: 19/21 MP: 0/6
  1483 | D:2      | Identified the +9 flail of Courage {heavy, Fragile rCorr
                  | Str+4}
  1936 | D:2      | Found a faded altar of an unknown god.
  1988 | D:2      | Found Tukaap's Weapon Emporium.
  2157 | D:3      | Found a shimmering altar of Xom.
  2231 | D:3      | Reached XP level 4. HP: 23/27 MP: 2/7
  2452 | D:3      | Identified the +7 war axe "Vown" {antimagic, *Slow rPois
                  | Will++ SInv}
  2611 | D:3      | HP: 1/27 [adder (3)]
  2612 | D:3      | Succumbed to an adder's poison

Illustrated notes

Levels and vault maps discovered:
D:1:      dpeg_arrival_tiny_a, layout_basic, roderic_lattice_a
D:2:      layout_basic, chequers_ecumenical_altar_simple_redux, serial_shops,
          nicolae_shop_waterfront, minmay_misc_feat_rugged,
          kennysheep_nondescript, minmay_ruptured
D:3:      layout_loops_ring, xom_butterflies, portal_sewer_entry_e,
          minmay_pentomino_pile

Skill      XL: |  1  2  3  4 |
---------------+-------------+-----
Poison Magic   | 4 |  4.5
Stealth        | 3 4 |  4.0
Fighting       | |  0.1
Dodging        | |  2.1
Spellcasting   | |  2.7
Transmutations | |  1.8

Action                     |  1- 3 |  4- 6 || total
---------------------------+-------+-------++-------
  Melee: Unarmed           |     7 |       ||     7
         Constrict         |     2 |     3 ||     5
         Punch             |     1 |       ||     1
         Tentacles         |     1 |     4 ||     5
         Staff             |       |    18 ||    18
   Cast: Sting             |    70 |    22 ||    92
 Armour: Skin              |     3 |     1 ||     4
  Dodge: Dodged            |    24 |    22 ||    46

Table legend: (Time is in decaauts)
 A = Elapsed time spent in this place.
 B = Non-inter-level travel time spent in this place.
 C = Inter-level travel time spent in this place.
 D = Time resting spent in this place.
 E = Time spent auto-exploring this place.
 F = Levels seen in this place.
 G = Mean time per level.
                   A        B        C        D        E       F      G
               +--------+--------+--------+--------+--------+-----+--------+
         Total |   2613 |   2572 |     41 |      0 |   2279 |   3 |  871.0 |
       Dungeon |   2613 |   2572 |     41 |      0 |   2279 |   3 |  871.0 |
               +--------+--------+--------+--------+--------+-----+--------+

Top non-repeatable levels by time:
     D:2: 1108 daAuts
     D:1: 1036 daAuts
     D:3: 469 daAuts
